 Dungeon Crawl Stone Soup version 0.26.0-5-gb5863c6483 (webtiles) character file.

Game seed: 12973785970761709320

93 Kejsarherre the Slasher (level 4, -6/35 HPs)
             Began as a Formicid Chaos Knight on Jan 10, 2021.
             Was a Plaything of Xom.
             Mangled by Natasha (13 damage)
             ... on level 2 of the Dungeon.
             The game lasted 00:02:37 (1019 turns).

Kejsarherre the Slasher (Formicid Chaos Knight)     Turns: 1019, Time: 00:02:38

Health: -6/35      AC:  6    Str: 18    XL:     4   Next: 91%
Magic:  4/4        EV:  9    Int: 11    God:    Xom [..*...]
Gold:   45         SH:  0    Dex: 10    Spells: 3/3 levels left

rFire    . . .     SeeInvis +   a - +0 falchion (chaos)
rCold    . . .     Faith    .   (no shield)
rNeg     . . .     Spirit   .   g - +0 scale mail
rPois    .         Reflect  .   (helmet unavailable)
rElec    .         Harm     .   (no cloak)
rCorr    .         Rampage  .   (no gloves)
Will     .....                  (no boots)
Stlth    ..........             (no amulet)
HPRegen  0.11/turn              (no ring)
MPRegen  0.09/turn              (no ring)

@: brilliant
A: permanent stasis, dig shafts and tunnels, four strong arms, antennae 3
a: Dig, Shaft Self, Renounce Religion


You were on level 2 of the Dungeon.
You worshipped Xom.
You were a toy of Xom.
You visited 1 branch of the dungeon, and saw 2 of its levels.

You collected 45 gold pieces.

Inventory:

Hand Weapons
 a - a +0 falchion of chaos (weapon)
Armour
 g - a +0 scale mail (worn)
Wands
 b - a wand of digging (3)
Scrolls
 f - a scroll of remove curse
Potions
 c - a potion of flight {unknown}
 d - a potion of curing
 e - a potion of heal wounds {unknown}
 h - a potion of haste {unknown}


   Skills:
 - Level 3.2 Fighting
 + Level 5.2 Long Blades
 - Level 2.1 Armour
 - Level 0.8 Dodging


You had 3 spell levels left.
You didn't know any spells.
Your spell library was empty.

Dungeon Overview and Level Annotations

Branches:
Dungeon (2/15)

Altars:
Ashenzari

Annotations:
D:2 Natasha


Innate Abilities, Weirdness & Mutations

You cannot be hasted, slowed, berserked, paralysed or teleported.
You can dig through walls and to a lower floor.
Your four strong arms can wield two-handed weapons with a shield.
You have a pair of large antennae on your head. (SInv)


Message History

You hit Natasha.
Natasha is poisoned.
Natasha is moderately wounded.
Natasha closely misses you.
You hit Natasha.
Natasha goes berserk!
Xom is highly amused!
Natasha is heavily wounded.
Natasha claws you. x2
You closely miss Natasha.
Natasha is heavily wounded.
Xom grants you a minor favour.
You feel clever all of a sudden. Natasha claws you!
You are too injured to fight recklessly!
You are too injured to fight recklessly!
You closely miss Natasha.
Natasha is heavily wounded.
Natasha claws you!
* * * LOW HITPOINT WARNING * * *
Natasha claws you!
You die...

### .. ... #.##
########### ...#.#
.......... ### #..#.#
###......(# ... ..#.#
#.'.......# ###'###.#.#
#.#.....(## #......h..#
#.#.....(# #......@..#
#.#......# #.........#
#.#..)...#
#.........####.#......#
#.....................#
#.........÷....#......#
#......#(......########
#......#######.#
###......### #.#
#.......†..# #.#


You could see Natasha (berserk, very poisoned).

Vanquished Creatures
  Natasha (D:2)
  2 adders (D:2)
  2 oozes
  A dart slug (D:1)
  A leopard gecko (D:1)
  2 giant cockroaches (D:2)
  4 hobgoblins (D:1)
  A quokka (D:2)
  13 bats (D:1)
  A frilled lizard (D:2)
  A goblin (D:1)
  5 kobolds
  4 rats
38 creatures vanquished.

Notes
Turn   | Place    | Note
-------+----------+-------------------------------------------
     0 | D:1      | Kejsarherre the Formicid Chaos Knight began the quest for
                  | the Orb.
     0 | D:1      | Reached XP level 1. HP: 18/18 MP: 1/1
     7 | D:1      | Found a broken altar of Ashenzari.
    28 | D:1      | Reached XP level 2. HP: 24/24 MP: 2/2
   231 | D:1      | Reached skill level 4 in Long Blades
   231 | D:1      | Reached XP level 3. HP: 24/29 MP: 3/3
   601 | D:1      | XOM: silly message
   709 | D:2      | Reached XP level 4. HP: 32/35 MP: 4/4
   737 | D:2      | XOM: silly message
   801 | D:2      | Noticed Natasha
   815 | D:2      | Killed Natasha
   816 | D:2      | Reached skill level 5 in Long Blades
  1007 | D:2      | Noticed Natasha
  1018 | D:2      | XOM: potion effect (brilliance)
  1019 | D:2      | Mangled by Natasha

Illustrated notes

Levels and vault maps discovered:
D:1:      dpeg_arrival_rhombus, layout_rooms, ashenzari_altar_1
D:2:      layout_basic, gammafunk_temple_overflow_elements,
          lemuel_crystal_altar, uniq_natasha

Skill      XL: |  1  2  3  4 |
---------------+-------------+-----
Long Blades    | 4 5 |  5.2
Fighting       | |  3.2
Armour         | |  2.1
Dodging        | |  0.8

Action                   |  1- 3 |  4- 6 || total
-------------------------+-------+-------++-------
Melee: Falchion          |    63 |    28 ||    91
  Use: Scroll            |     4 |       ||     4
       Potion            |       |     1 ||     1
 Stab: Sleeping          |     1 |       ||     1
       Petrifying        |     1 |       ||     1
Armor: Leather armour    |    21 |       ||    21
       Scale mail        |     4 |    13 ||    17
Dodge: Dodged            |    49 |    17 ||    66
       Rpst.: Falchion   |    16 |     5 ||    21
